 Dungeon Crawl Stone Soup version 0.20-a0-214-gb74cb0e (webtiles) character file.

154222 tsouns the Warrior (level 17, -5/157 HPs)
             Began as a Green Draconian Gladiator on Nov 27, 2016.
             Was the Champion of Dithmenos.
             Slain by a halberd of freezing (8 damage)
             ... on level 1 of the Elven Halls.
             The game lasted 01:59:18 (33988 turns).

tsouns the Warrior (Green Draconian Gladiator)     Turns: 33988, Time: 01:59:19

Health: -5/157     AC: 19    Str: 18    XL:     17   Next: 6%
Magic:  27/27      EV: 20    Int: 14    God:    Dithmenos [******]
Gold:   1326       SH:  8    Dex: 13    Spells: 14/30 levels left

rFire  + . .     SeeInvis .     Y - +7 demon trident (freeze)
rCold  . . .     Gourm    +     (armour unavailable)
rNeg   . . .     Faith    .     N - +2 buckler
rPois  +         Spirit   .     v - +1 hat
rElec  .         Reflect  .     I - +2 cloak {rPois}
rCorr  +         Harm     .     y - +2 pair of gloves
MR     +++..                    O - +2 pair of boots "Jonn" {rF+}
Stlth  ++++++++..               X - amulet of the gourmand
                                R - ring of resist corrosion
                                n - ring of protection from magic

@: slowed, wreathed by umbra, drained, very slow
A: breathe noxious fumes, unfitting armour, stinger 1, magic resistance 1,
poison resistance, cold-blooded, AC +9
a: Breathe Noxious Fumes, Shadow Step, Shadow Form, Renounce Religion


You were on level 1 of the Elven Halls.
You worshipped Dithmenos.
Dithmenos was exalted by your worship.
You were not hungry.

You visited 6 branches of the dungeon, and saw 28 of its levels.
You visited 1 bazaar.

You collected 2695 gold pieces.
You spent 1369 gold pieces at shops.

Inventory:

Hand Weapons
 Y - a +7 demon trident of freezing (weapon)
Missiles
 b - 5 javelins of penetration
 o - 2 throwing nets (quivered)
Armour
 v - a +1 hat (worn)
 y - a +2 pair of gloves (worn)
 I - a +2 cloak of poison resistance (worn)
 N - a +2 buckler (worn)
 O - the +2 pair of boots "Jonn" (worn) {rF+}
   (You bought it in a shop on level 7 of the Dungeon)

   It protects you from fire.
Jewellery
 n - a ring of protection from magic (left hand)
 R - a ring of resist corrosion (right hand)
 X - an amulet of the gourmand (around neck)
Wands
 a - a wand of iceblast (1/15)
 c - a wand of polymorph (8/24)
 r - a wand of digging (1/24)
 u - a wand of confusion (36/48)
 x - a wand of lightning (9/15)
 L - a wand of iceblast (11/15)
 Q - a wand of enslavement (5/24)
 S - a wand of paralysis (14/24)
 U - a wand of acid (11/15)
 W - a wand of disintegration (3/24)
Scrolls
 h - 7 scrolls of teleportation
 i - 4 scrolls of blinking
 j - 11 scrolls of identify
 k - 10 scrolls of remove curse
 m - 3 scrolls of recharging
 C - a scroll of silence
 H - 2 scrolls of fog
 P - a scroll of magic mapping
 V - 2 scrolls of fear
 Z - a scroll of holy word
Potions
 e - 4 potions of flight
 f - 7 potions of curing
 l - 2 potions of cure mutation
 p - 2 potions of cancellation
 w - 6 potions of brilliance
 z - 2 potions of magic
 A - 2 potions of ambrosia
 B - 2 potions of haste
 D - 3 potions of agility
 E - 2 potions of might
 K - a potion of resistance
Miscellaneous
 G - 2 boxes of beasts
 J - a fan of gales
Comestibles
 d - 7 bread rations
 g - a beef jerky
 s - 7 meat rations
 t - 10 fruits


   Skills:
 + Level 15.7(15.3) Fighting
 - Level 14.8(14.4) Polearms
 - Level 2.0(1.6) Throwing
 + Level 12.8(12.4) Dodging
 + Level 11.1(10.7) Stealth
 + Level 8.6(8.2) Shields
 - Level 7.1(6.7) Spellcasting
 - Level 5.7(5.4) Hexes
 - Level 8.3(7.9) Invocations
 - Level 4.8(4.4) Evocations


You had 14 spell levels left.
You knew the following spells:

 Your Spells              Type           Power        Failure   Level  Hunger
a - Apportation           Tloc           #.........   17%         1    None
b - Animate Skeleton      Necr           N/A          17%         1    None
c - Summon Small Mammal   Summ           #...         17%         1    None
d - Ozocubu's Armour      Chrm/Ice       #.......     47%         3    ##.....
e - Summon Ice Beast      Ice/Summ       #.......     98%         4    ####...
f - Confuse               Hex            ###.....     6%          3    ##.....
g - Tukima's Dance        Hex            ###.....     6%          3    ##.....


Dungeon Overview and Level Annotations

Branches:
Dungeon (15/15)            Temple (0/1) D:7            Lair (6/6) D:10
 Shoals (1/4) Lair:3       Spider (3/4) Lair:4        Slime (0/5) Lair:6
    Orc (2/2) D:10            Elf (1/3) Orc:2        Vaults (0/5) D:13
 Depths (0/5) D:15

Altars:
Dithmenos
Elyvilon
Nemelex Xobeh
Ru
Trog
Vehumet
Beogh

Shops:
D:5 (   D:7 (}[?[   D:8 *   Orc:2 [*(=

Portals:
Trove: D:10 (give 3 potions of resistance)

Annotations:
D:11 exclusion: orange crystal statue
Lair:3 exclusion: oklob plant
Lair:5 exclusion: 4 oklob plants
Spider:3 Arachne
Elf:1 Agnes
Abyss:1 Nergalle


Innate Abilities, Weirdness & Mutations

You can breathe blasts of noxious fumes.
Your lurid green scales are hard. (AC +9)
You cannot fit into any form of body armour.
Your tail ends in a poisonous barb.
Your system is resistant to poisons. (rPois)
You are cold-blooded and may be slowed by cold attacks.
You are resistant to hostile enchantments. (MR+)


Message History

The halberd of freezing is heavily damaged.
You block the halberd of freezing's attack.
You puncture the halberd of freezing!
The halberd of freezing is almost destroyed.
Your shadow misses the halberd of freezing.
You miss the halberd of freezing.
The halberd of freezing is almost destroyed.
The halberd of freezing hits you!
* * * LOW HITPOINT WARNING * * *
You feel yourself slow down. The halberd of freezing freezes you.
* * * LOW HITPOINT WARNING * * *
You hit the halberd of freezing but do no damage.
The halberd of freezing is almost destroyed.
Your shadow hits the halberd of freezing but does no damage.
The halberd of freezing hits you!!
* * * LOW HITPOINT WARNING * * *
You emit a cloud of dark smoke.
You feel as though you will be slow longer.
The halberd of freezing freezes you!
You die...

#. ###. ###.#'#
###.3...###########
.'.....+....).)...
#.....##########. ##'.+ ##.
##(### #####.. ##@## #...')#
#ยงยงยง# #.e.#.. ####
#.##.## ####.).##+
.###..)#'##...#####...#.#...
#'#.....##..#.'...#.........
##.......#....#.#.#)..#.#...
#..........#'##...####.).###
#.........'#... .#.. #.).#(.
#......)..##.#..#. # +))?#(#


You could see a halberd of freezing.

Vanquished Creatures
  Kirke (Spider:2)
  An emperor scorpion (Spider:2)
  An orc warlord (Orc:1)
  A stone giant (Orc:2)
  2 entropy weavers (Spider:2)
  Nessos (Orc:2)
  A spark wasp (Spider:1)
  Snorg (Lair:3)
  The ghost of Zorot the Grappler, a journeyman VSMo of Cheibriados (Lair:6)
  Josephine (D:11)
  A fire dragon (Lair:6)
  3 ettins (Orc:2)
  A great orb of eyes (D:12)
  2 yaktaur captains
  Erica (D:9)
  9 hydras
  A rakshasa (D:14)
  An alligator snapping turtle (Shoals:1)
  A vault guard (D:10)
  A merfolk aquamancer (Shoals:1)
  5 centaur warriors
  2 catoblepae
  2 tengu warriors (D:15)
  3 dancing weapons (Elf:1)
  An orc high priest (Orc:2)
  An ogre mage (D:15)
  Urug (Orc:1)
  5 deep elf knights (Elf:1)
  A fire crab (Lair:6)
  4 hell knights (D:12)
  3 skeletal warriors (D:15)
  2 sea snakes (Shoals:1)
  4 wizards
  2 unseen horrors
  2 orc knights (D:13)
  5 harpies
  2 deep elf archers (Elf:1)
  A wolf spider zombie (D:12)
  6 hill giants
  3 necromancers (D:12)
  A harpy (shapeshifter) (D:13)
  11 ugly things
  An orb spider (shapeshifter) (D:15)
  10 orb spiders
  22 wolf spiders
  An orc sorcerer (Orc:1)
  A manticore (D:13)
  18 deep elf magi
  A shining eye (shapeshifter) (D:14)
  12 cyclopes
  A salamander (shapeshifter) (D:14)
  A faun (Shoals:1)
  Joseph (D:8)
  A moth of wrath (Spider:2)
  11 elephants
  Maurice (D:9)
  4 black mambas
  3 merfolk sirens
  Psyche (D:8)
  3 molten gargoyles (Lair:6)
  2 rust devils (D:12)
  8 spiny frogs
  3 torpor snails
  A gargoyle (D:14)
  A rime drake (Lair:5)
  A kobold demonologist (D:13)
  An orange demon (D:12)
  12 komodo dragons
  An efreet (D:13)
  3 yaktaurs
  8 demonic crawlers
  7 trolls
  2 tengu conjurers (D:15)
  6 merfolk
  28 jumping spiders
  2 hornets
  5 polar bears
  A wind drake (Shoals:1)
  A harpy skeleton (D:14)
  A hornet (shapeshifter) (Elf:1)
  Grinder (D:6)
  6 two-headed ogres
  3 blink frogs (Lair:4)
  4 hippogriffs
  45 redbacks
  A centaur simulacrum (D:15)
  2 water elementals (Shoals:1)
  2 vampires
  2 shadows
  10 wyverns
  20 yaks
  Grum (D:8)
  6 wraiths
  27 tarantellas
  2 hogs (Spider:2)
  9 basilisks
  2 hungry ghosts
  3 steam dragons (Lair:6)
  8 vampire mosquitoes
  19 wargs
  2 acid dragons
  13 hell hounds
  10 porcupines
  21 water moccasins
  20 orc warriors
  2 black bears
  A hornet zombie (D:11)
  3 ice beasts
  5 sky beasts
  8 necrophages
  17 ogres
  2 eyes of draining
  A phantom (D:13)
  7 wolves
  20 centaurs
  21 crocodiles
  4 big kobolds
  15 bullfrogs
  2 gnoll sergeants
  A wyvern zombie (D:14)
  7 scorpions
  A wyvern skeleton (D:9)
  3 killer bees (D:11)
  10 wights
  3 electric eels
  7 howler monkeys
  5 lava snakes (Lair:6)
  6 crimson imps
  A bullfrog zombie (D:7)
  5 hounds
  8 jellies
  A quasit (D:8)
  2 centaur zombies
  16 orc wizards
  4 centaur skeletons
  11 orc priests
  9 iguanas
  A gnoll shaman (D:6)
  8 worker ants
  4 hell rats (Lair:3)
  Terence (D:3)
  2 hound zombies
  A hound skeleton (D:7)
  A worker ant zombie (D:9)
  Robin (D:3)
  13 gnolls
  16 adders
  2 shadow imps
  12 white imps (Lair:3)
  4 oozes (Lair:6)
  An adder skeleton (D:9)
  2 adder zombies
  2 worms
  2 leopard geckos
  76 orcs
  8 giant cockroaches
  15 goblins
  12 hobgoblins
  12 jackals
  19 kobolds
  2 quokkas
  A ball python (D:2)
  5 bats
  3 frilled lizards
  A jackal skeleton (D:4)
  A jackal zombie (D:6)
  A quokka skeleton (D:5)
  11 rats
  A plant (Lair:5)
974 creatures vanquished.

Vanquished Creatures (collateral kills)
  A redback (Spider:1)
  A wyvern (Lair:6)
2 creatures vanquished.

Vanquished Creatures (others)
  A sea snake (Shoals:1)
  A deep elf mage (Elf:1)
  A human (Spider:2)
  A sky beast (D:15)
  8 fungi
  2 plants
14 creatures vanquished.

Grand Total: 990 creatures vanquished

Notes
Turn   | Place    | Note
-------+----------+-------------------------------------------
     0 | D:1      | tsouns the Draconian Gladiator began the quest for the Orb.
     0 | D:1      | Reached XP level 1. HP: 17/17 MP: 1/1
   159 | D:1      | Found a sparkling altar of Nemelex Xobeh.
   195 | D:1      | Reached XP level 2. HP: 21/24 MP: 2/2
   844 | D:2      | Reached XP level 3. HP: 29/30 MP: 3/3
  1321 | D:2      | Reached skill level 3 in Fighting
  1615 | D:2      | Reached XP level 4. HP: 29/38 MP: 4/4
  1942 | D:2      | Reached skill level 6 in Fighting
  1942 | D:2      | Reached skill level 5 in Dodging
  1942 | D:2      | Reached XP level 5. HP: 51/51 MP: 5/5
  1983 | D:3      | Noticed Robin
  2051 | D:3      | Killed Robin
  2225 | D:3      | Reached XP level 6. HP: 58/58 MP: 6/6
  2373 | D:3      | Found a white marble altar of Elyvilon.
  2373 | D:3      | Noticed Terence
  2454 | D:3      | Killed Terence
  2552 | D:3      | You fall through a shaft for 2 floors!
  2552 | D:5      | Entered Level 5 of the Dungeon
  2561 | D:5      | Reached skill level 7 in Fighting
  3321 | D:4      | Your scales start taking on a lurid green colour.
  3321 | D:4      | Reached XP level 7. HP: 53/66 MP: 7/7
  3321 | D:4      | Gained mutation: Your system is resistant to poisons. (rPois) [Green Draconian growth]
  3950 | D:5      | Found Foasy's Antique Weapon Boutique.
  4428 | D:6      | Noticed Grinder
  4442 | D:6      | Killed Grinder
  4442 | D:6      | Reached XP level 8. HP: 50/74 MP: 8/8
  4771 | D:6      | Reached skill level 8 in Fighting
  4896 | D:6      | Reached skill level 10 in Polearms
  5545 | D:7      | Found a shadowy altar of Dithmenos.
  5556 | D:7      | Became a worshipper of Dithmenos the Shadowed
  5585 | D:7      | Reached XP level 9. HP: 80/82 MP: 9/9
  5611 | D:7      | Found a staircase to the Ecumenical Temple.
  5819 | D:7      | Found Nuadulu's Magic Scroll Emporium.
  5823 | D:7      | Bought a scroll of identify for 22 gold pieces
  5823 | D:7      | Bought a scroll of identify for 22 gold pieces
  5823 | D:7      | Bought a scroll of summoning for 104 gold pieces
  5825 | D:7      | Gained mutation: You are resistant to hostile enchantments. (MR+) [potion of beneficial mutation]
  5844 | D:7      | Found Daub's Antique Armour Boutique.
  5863 | D:7      | Found Vitzuen's Antique Armour Shoppe.
  5895 | D:7      | Found Ajoengus's Weapon Shoppe.
  5921 | D:7      | Found Poheb's Gadget Shoppe.
  6000 | D:7      | Found a sacrificial altar of Ru.
  6386 | D:8      | Found Jebrotaw's Elemental Accessories.
  6388 | D:8      | Noticed Psyche
  6399 | D:8      | Killed Psyche
  6462 | D:8      | Noticed a troll
  6471 | D:8      | Killed a troll
  6627 | D:8      | Noticed Joseph
  6691 | D:8      | Killed Joseph
  6691 | D:8      | Reached skill level 9 in Fighting
  7078 | D:8      | Reached * piety under Dithmenos
  7211 | D:8      | Reached XP level 10. HP: 82/91 MP: 10/10
  7345 | D:8      | Noticed Grum
  7360 | D:8      | Killed Grum
  7701 | D:9      | Reached skill level 1 in Shields
  7943 | D:9      | Noticed Erica
  7967 | D:9      | Killed Erica
  8151 | D:9      | Noticed Maurice
  8194 | D:9      | Killed Maurice
  8351 | D:9      | Found a bloodstained altar of Trog.
  8366 | D:9      | Reached ** piety under Dithmenos
  8708 | D:7      | Bought a pair of faintly glowing boots for 247 gold pieces
  8713 | D:7      | Identified the +2 pair of boots "Jonn" {rF+} (You bought it in a shop on level 7 of the Dungeon)
  8814 | D:10     | Entered Level 10 of the Dungeon
  8827 | D:10     | Learned a level 1 spell: Apportation
  8829 | D:10     | Learned a level 1 spell: Animate Skeleton
  8831 | D:10     | Learned a level 1 spell: Summon Small Mammal
  9108 | D:10     | Found a staircase to the Lair.
  9218 | D:10     | Noticed a deep elf mage
  9232 | D:10     | Killed a deep elf mage
  9232 | D:10     | Reached XP level 11. HP: 81/97 MP: 3/11
  9446 | D:10     | Found a staircase to the Orcish Mines.
  9505 | D:10     | Noticed a vault guard
  9529 | D:10     | Killed a vault guard
  9646 | D:10     | Found a portal to a secret trove of treasure.
  9765 | D:10     | Reached *** piety under Dithmenos
 10083 | Lair:1   | Entered Level 1 of the Lair of Beasts
 10276 | Lair:1   | Reached skill level 5 in Stealth
 11445 | Lair:2   | Noticed a four-headed hydra
 11461 | Lair:2   | Killed a four-headed hydra
 11461 | Lair:2   | Reached skill level 10 in Fighting
 11891 | Lair:2   | Reached XP level 12. HP: 47/106 MP: 12/12
 12415 | Lair:3   | Noticed Snorg
 12462 | Lair:3   | Killed Snorg
 12604 | Lair:3   | Reached **** piety under Dithmenos
 12824 | D:7      | Bought a +0 demon trident of freezing for 290 gold pieces
 12832 | D:7      | Learned a level 3 spell: Ozocubu's Armour
 12837 | D:7      | Learned a level 4 spell: Summon Ice Beast
 13268 | Lair:3   | Found a sacrificial altar of Ru.
 13325 | Lair:3   | Found a staircase to the Shoals.
 13962 | Lair:4   | Noticed Nergalle
 14315 | Lair:4   | Found a hole to the Spider Nest.
 14346 | Lair:4   | Reached skill level 5 in Shields
 14567 | Lair:4   | Banished Nergalle
 14829 | Lair:5   | Reached skill level 11 in Fighting
 14841 | Lair:5   | Reached ***** piety under Dithmenos
 15354 | Lair:5   | Noticed a four-headed hydra
 15361 | Lair:5   | Killed a four-headed hydra
 15361 | Lair:5   | Reached XP level 13. HP: 81/114 MP: 13/13
 15524 | Lair:6   | Entered Level 6 of the Lair of Beasts
 15643 | Lair:6   | Found a staircase to the Slime Pits.
 15709 | Lair:6   | Noticed Zorot's ghost (journeyman VSMo)
 15754 | Lair:6   | Killed Zorot's ghost
 16445 | Lair:6   | Reached skill level 1 in Invocations
 16445 | Lair:6   | Reached skill level 1 in Evocations
 16516 | Lair:6   | Reached skill level 12 in Fighting
 16776 | Lair:6   | Reached skill level 1 in Spellcasting
 16906 | Lair:6   | Noticed a fire dragon
 17000 | Lair:6   | Found a large runed door.
 17001 | Lair:6   | Found a large runed door.
 17154 | Lair:6   | Killed a fire dragon
 17826 | Orc:1    | Entered Level 1 of the Orcish Mines
 17858 | D:10     | Learned a level 3 spell: Confuse
 17862 | D:10     | Learned a level 3 spell: Tukima's Dance
 18054 | Orc:1    | Noticed an orc warlord
 18069 | Orc:1    | Killed an orc warlord
 18236 | Orc:1    | Noticed Urug
 18263 | Orc:1    | Killed Urug
 18442 | Orc:1    | You fall through a shaft!
 18442 | Orc:2    | Entered Level 2 of the Orcish Mines
 18442 | Orc:2    | Found Utaepsoss's Antique Weapon Shoppe.
 18442 | Orc:2    | Noticed an ettin
 18482 | Orc:2    | Reached ****** piety under Dithmenos
 18498 | Orc:2    | Killed an ettin
 18588 | Orc:2    | Found a roughly hewn altar of Beogh.
 18644 | Orc:2    | Noticed Nessos
 18655 | Orc:2    | Killed Nessos
 18655 | Orc:2    | Gained mutation: Your tail ends in a poisonous barb. [Green Draconian growth]
 18655 | Orc:2    | Reached XP level 14. HP: 87/125 MP: 18/18
 18857 | Orc:2    | Found Mihuethre's General Store.
 18882 | Orc:2    | Bought a potion of heal wounds for 75 gold pieces
 18882 | Orc:2    | Bought a scroll of blinking for 112 gold pieces
 18882 | Orc:2    | Bought a scroll of blinking for 112 gold pieces
 18921 | Orc:2    | Found Jouqif's Antique Armour Boutique.
 18921 | Orc:2    | Noticed a stone giant
 18950 | Orc:2    | Killed a stone giant
 18951 | Orc:2    | Found a staircase to the Elven Halls.
 19350 | Orc:2    | Reached skill level 1 in Hexes
 19636 | Orc:2    | Found Zeruh's Jewellery Shop.
 20038 | Orc:2    | Reached skill level 10 in Dodging
 20334 | D:11     | Reached skill level 13 in Fighting
 20363 | D:11     | Got an ancient cloak
 20374 | D:11     | Identified the -2 cloak of Qofecly {-Cast +Blink rPois} (You found it on level 11 of the Dungeon)
 21134 | D:11     | Noticed Josephine
 21139 | D:11     | Killed Josephine
 21143 | D:11     | Reached skill level 5 in Spellcasting
 21786 | D:12     | Found a runed door.
 22967 | D:13     | Found a gate to the Vaults.
 23078 | D:13     | Found a flickering gateway to a bazaar.
 23089 | Bazaar   | Entered a bazaar
 23089 | Bazaar   | Found Ysuota's Antique Armour Shoppe.
 23089 | Bazaar   | Found Cimogoo's Weapon Shop.
 23091 | Bazaar   | Found Ebrujeb's Antique Weapon Boutique.
 23097 | Bazaar   | Found Owkeagge's Assorted Antiques.
 23116 | Bazaar   | Found Uruster's Armour Shop.
 23166 | Bazaar   | Bought a runed cloak for 220 gold pieces
 23205 | Bazaar   | Bought a +2 buckler for 165 gold pieces
 23729 | D:13     | Reached XP level 15. HP: 121/137 MP: 24/24
 24052 | D:13     | Found a white marble altar of Elyvilon.
 24258 | D:13     | Reached skill level 5 in Hexes
 24700 | D:14     | Reached skill level 14 in Fighting
 25883 | D:14     | Reached skill level 5 in Invocations
 25952 | D:14     | Found a shadowy altar of Dithmenos.
 26000 | D:15     | Entered Level 15 of the Dungeon
 26377 | D:15     | Found a staircase to the Depths.
 27841 | Spider:1 | Entered Level 1 of the Spider Nest
 28649 | Spider:1 | Reached XP level 16. HP: 65/147 MP: 26/26
 29450 | Spider:1 | Reached skill level 15 in Fighting
 29812 | Spider:1 | Reached skill level 10 in Stealth
 30871 | Spider:2 | Noticed Kirke
 30906 | Spider:2 | Killed Kirke
 31818 | Spider:3 | Noticed Arachne
 31979 | Shoals:1 | Entered Level 1 of the Shoals
 32579 | Shoals:1 | HP: 6/149 [alligator snapping turtle (39)]
 33168 | Elf:1    | Entered Level 1 of the Elven Halls
 33354 | Elf:1    | Noticed Agnes
 33664 | Elf:1    | Reached XP level 17. HP: 78/157 MP: 27/27
 33891 | Elf:1    | Found a radiant altar of Vehumet.
 33988 | Elf:1    | HP: 3/157 [halberd of freezing (21)]
 33988 | Elf:1    | Slain by a halberd of freezing

Vault maps used:
D:1:      lemuel_arrival_river_passageway, nemelex_diamond_rough_becter
D:2:      minmay_statues_item, minmay_cupped
D:3:      elyvilon_altar_5, minmay_box_of_dots, uniq_terence, uniq_robin
D:5:      serial_shops, shop, first_bread
D:6:      uniq_grinder
D:7:      kennysheep_mini, old_standard_altar, serial_shops, shop,
          nicolae_shop_trees, shop_statue, shop, shop
D:8:      wad_river_or_something, nicolae_elemental_shop, uniq_psyche,
          uniq_joseph, uniq_grum
D:9:      trog_eyes_of_draining, uniq_erica, uniq_maurice
D:10:     erik_lair_dragon, orc_0_dummy, enter_trove_5, hangedman_fish_farm
D:11:     minmay_statue_hallways, uniq_josephine
D:12:     mludivico_vault
D:13:     lemuel_castle_with_subvaults, david_vaults_2, basic_altar,
          serial_shops, bzr_entry_islet
D:14:     grunt_dithmenos_shadows
D:15:     grunt_enter_depths_snipers, minmay_misc_feat_roman
Lair:1:   minmay_guarded_unrand_snakebite, serial_bayou_shore_a
Lair:2:   serial_bayou_crossing
Lair:3:   elwin_shoals_entry_rooms, basic_altar, portal_ice_cave_entry_imps,
          minmay_lair_oklob_bushes, roderic_carrion_pond, grunt_megastairs_5,
          uniq_snorg
Lair:4:   spider_nest_entry_web_field, grunt_megastairs_4, uniq_nergalle
Lair:5:   minmay_lair_oklob_chamber, grunt_megastairs_1
Lair:6:   cheibrodos_lair_end_hotspot, nicolae_slime_entry_slimehenge
Shoals:1: uniq_aizul
Spider:2: nicolae_spider_stair_cavern, hangedman_spider_tarantella_strand,
          uniq_kirke
Spider:3: spider_trap, nicolae_spider_cling_halls, uniq_arachne
Orc:1:    uniq_urug
Orc:2:    grunt_orc_gardens, grunt_orc_garden, grunt_orc_garden,
          grunt_orc_garden, grunt_orc_garden, nicolae_orc_lost_temple,
          uniq_nessos
Elf:1:    basic_altar, hangedman_elven_crosses_minicolossus, spider_trap,
          uniq_agnes
Bazaar:   bazaar_kb_twisted_cavern

Skill      XL: |  1  2  3  4  5  6  7  8  9 10 11 12 13 14 15 16 |
---------------+-------------------------------------------------+-----
Throwing       | 2 |  2.0
Fighting       | 3 6 7 8 9 10 11 12 13 14 15 | 15.7
Polearms       | 4 8 9 10 11 12 14 | 14.8
Dodging        | 5 6 8 9 10 11 12 | 12.8
Stealth        | 4 6 7 8 9 11 | 11.1
Shields        | 3 6 7 8 |  8.6
Invocations    | 4 6 8 |  8.3
Evocations     | 3 4 |  4.8
Spellcasting   | 3 6 7 |  7.1
Hexes          | 4 5 |  5.7

Action                   |  1- 3 |  4- 6 |  7- 9 | 10-12 | 13-15 | 16-18 || total
-------------------------+-------+-------+-------+-------+-------+-------++-------
Melee: Trident           |   122 |   145 |   396 |   426 |       |       ||  1089
       Tailslap          |     9 |    10 |    38 |   139 |   205 |    82 ||   483
       Unarmed           |       |    14 |       |       |       |       ||    14
       Halberd           |       |       |       |   360 |       |       ||   360
       Demon trident     |       |       |       |   309 |  1787 |   698 ||  2794
Throw: Stone             |     4 |       |       |       |       |       ||     4
       Throwing net      |     3 |     4 |     1 |     2 |     2 |       ||    12
       Tomahawk          |       |       |       |     1 |       |       ||     1
       Javelin           |       |       |       |       |     1 |       ||     1
 Cast: Apportation       |       |       |       |       |     5 |       ||     5
Invok: Shadow Form       |       |       |       |       |       |     1 ||     1
 Abil: Breathe Noxious F |       |       |    12 |    21 |    14 |     7 ||    54
       End Transformatio |       |       |       |       |       |     1 ||     1
Evoke: Wand              |       |       |       |     4 |     5 |     5 ||    14
  Use: Scroll            |       |     8 |    14 |     8 |    13 |     6 ||    49
       Potion            |       |     1 |     1 |       |     5 |     3 ||    10
 Stab: Sleeping          |     1 |     3 |    10 |    35 |    62 |    23 ||   134
       Held in net/web   |       |     1 |       |       |       |       ||     1
       Distracted        |       |     2 |     2 |     4 |     9 |    10 ||    27
       Confused          |       |       |    15 |    26 |    11 |     5 ||    57
       Petrified         |       |       |       |       |     4 |       ||     4
       Petrifying        |       |       |       |       |     1 |       ||     1
       Invisible         |       |       |       |       |       |     3 ||     3
  Eat: Chunk             |     2 |     6 |     9 |    25 |    14 |     3 ||    59
       Pizza             |       |       |     1 |     1 |     1 |       ||     3
       Bread ration      |       |       |     1 |       |     4 |     2 ||     7
       Royal jelly       |       |       |       |     1 |     1 |     1 ||     3
       Beef jerky        |       |       |       |     1 |     1 |     1 ||     3
       Meat ration       |       |       |       |       |     2 |     1 ||     3
Armor: Skin              |    24 |    28 |    52 |   151 |   245 |   151 ||   651
Dodge: Dodged            |    76 |    93 |   141 |   478 |   672 |   393 ||  1853
Block: Buckler           |       |       |       |    52 |   284 |   170 ||   506
